 Dungeon Crawl Stone Soup version 0.30-b1-2-g02819fbbbe (webtiles) character file.

Game seed: 11463671735144473803

126674 raph the Scorcher (level 16, -12/78 (89) HPs)
             Began as a Deep Elf Fire Elementalist on Sept 9, 2023.
             Was an Initiate of Gozag.
             Mangled by a +2 demon trident of chaos (18 damage)
             ... on level 3 of the Swamp.
             The game lasted 01:05:42 (42023 turns).

raph the Scorcher (Deep Elf Fire Elementalist)     Turns: 42023, Time: 01:05:43

HP:   -12/78 (89)   AC: 20    Str:  8    XL:     16   Next: 44%
MP:   13/35         EV: 17    Int: 29    God:    Gozag
Gold: 5952          SH:  6    Dex: 15    Spells: 3/42 levels left

rFire   + . .        (no weapon)
rCold   . . .        U - +0 buckler
rNeg    . . .        R - +5 steam dragon scales
rPois   +            (no helmet)
rElec   .            (no cloak)
rCorr   .            m - +2 pair of gloves {Str+3}
SInv    .            B - +2 pair of boots
Will    +....        W - amulet "Ciereaviri" {RegenMP rPois}
Stlth   +++++        Z - ring "Miweos" {Wiz rF+ Stlth+}
HPRegen 0.33/turn    h - +4 ring of protection
MPRegen 0.64/turn

%: wizardry (x1)
@: lethally poisoned (-12 -> -14), heavily drained
A: no striking features
a: Renounce Religion, Potion Petition, Call Merchant, Bribe Branch


You were on level 3 of the Swamp.
You worshipped Gozag.
Gozag was greatly pleased with you.
You visited 5 branches of the dungeon, and saw 26 of its levels.
You also visited: Ossuary.

You collected 9295 gold pieces.
You spent 1179 gold pieces at shops.
You paid 2164 gold pieces to Gozag.

Inventory:

Hand Weapons
 d - a +1 dagger of draining
Missiles
 g - 3 boomerangs of dispersal
 z - 2 throwing nets
 D - 65 poisoned darts
 Y - 4 curare-tipped darts
Armour
 m - a +2 pair of gloves of strength (worn)
 B - a +2 pair of boots (worn)
 R - +5 steam dragon scales (worn)
 U - a +0 buckler (worn)
Magical Staves
 a - the staff of fire "Woise" {rF+ rC+ Dex+4 SInv}
   (You acquired it on level 2 of the Dungeon)

   [staff of fire]

   Base accuracy: +5 Base damage: 5 Base attack delay: 1.2 This weapon's minimum
   attack delay (0.6) is reached at skill level 12.
   Dex:       It affects your dexterity (+4).
   rF:        It protects you from fire.
   rC:        It protects you from cold.
   SInv:      It lets you see invisible.
   It falls into the 'Staves' category.
   It is a one-handed weapon.
 O - a staff of conjuration
Jewellery
 h - a +4 ring of protection (right hand)
 I - a +5 ring of evasion
 K - a ring of positive energy
 W - the amulet "Ciereaviri" (around neck) {RegenMP rPois}
   (You acquired it on level 14 of the Dungeon)

   [amulet of magic regeneration]

   It increases your rate of magic regeneration.
   rPois:     It protects you from poison.
 Z - the ring "Miweos" (left hand) {Wiz rF+ Stlth+}
   (You bought it in a shop on level 11 of the Dungeon)

   [ring of wizardry]

   It improves your spell success rate.
   rF:        It protects you from fire.
   Stlth:     It makes you more stealthy.
Wands
 r - a wand of digging (11)
 G - a wand of polymorph (21)
 L - a wand of roots (11)
 M - a wand of flame (38)
 S - a wand of charming (9)
 X - a wand of acid (1)
Scrolls
 b - 6 scrolls of blinking
 c - 2 scrolls of brand weapon
 i - 6 scrolls of magic mapping
 j - 4 scrolls of vulnerability
 s - 3 scrolls of poison
 v - a scroll of fear
 w - 4 scrolls of fog
 y - 3 scrolls of enchant weapon
 C - 9 scrolls of teleportation
 E - 27 scrolls of identify
 J - 7 scrolls of amnesia
 Q - a scroll of summoning
 T - 2 scrolls of silence
 V - 2 scrolls of immolation
Potions
 e - 7 potions of brilliance
 f - 5 potions of lignification
 l - a potion of berserk rage
 n - 2 potions of resistance
 p - 6 potions of haste
 q - 17 potions of curing
 t - 2 potions of cancellation
 x - 7 potions of heal wounds
 A - 3 potions of flight
 F - 8 potions of attraction
 H - 4 potions of mutation
 N - 5 potions of might


   Skills:
 + Level 6.2 Fighting
 + Level 7.3 Staves
 + Level 11.3 Dodging
 + Level 10.2 Stealth
 * Level 6.1 Shields
 + Level 13.7 Spellcasting
 + Level 11.5 Conjurations
 - Level 3.0 Hexes
 + Level 5.9 Necromancy
 - Level 4.4 Transmutations
 + Level 19.2 Fire Magic
 + Level 8.0 Evocations


You had 3 spell levels left.
You knew the following spells:

 Your Spells              Type           Power      Damage    Failure   Level
a - Foxfire               Conj/Fire      100%       2x1d9     0%          1
b - Scorch                Fire           100%       2d9       0%          2
c - Inner Flame           Hex/Fire       71%        N/A       1%          3
d - Borgnjor's Vile Clut  Necr/Erth      18%        N/A       12%         5
e - Flame Wave            Conj/Fire      83%        2d18      1%          4
f - Mephitic Cloud        Conj/Pois/Air  42%        N/A       1%          3
g - Ignite Poison         Fire/Tmut/Pois 60%        N/A       1%          3
h - Irradiate             Conj/Tmut      30%        3d21      1%          5
i - Ignition              Fire           46%        3d13      3%          8
j - Tukima's Dance        Hex            37%        N/A       1%          3
k - Sublimation of Blood  Necr           53%        N/A       1%          2

Your spell library contained the following spells:

 Spells                   Type           Power      Damage    Failure   Level
 Apportation              Tloc           38%        N/A       1%          1
 Slow                     Hex            100%       N/A       1%          1
 Confusing Touch          Hex            37%        N/A       1%          3
 Vampiric Draining        Necr           53%        2d9       1%          3
 Volatile Blastmotes      Fire/Tloc      100%       2d18      1%          3
 Lesser Beckoning         Tloc           38%        N/A       2%          2
 Poisonous Vapours        Pois/Air       38%        N/A       2%          2
 Portal Projectile        Hex/Tloc       56%        N/A       2%          3
 Gell's Gravitas          Tloc           19%        N/A       4%          3
 Teleport Other           Tloc           19%        N/A       4%          3
 Sticky Flame             Conj/Fire      83%        2d9       1%          4
 Anguish                  Hex/Necr       23%        N/A       2%          4
 Cause Fear               Hex            18%        N/A       4%          4
 Petrify                  Tmut/Erth      32%        N/A       6%          4
 Blade Hands              Tmut           22%        N/A       7%          5
 Freezing Cloud           Conj/Ice/Air   21%        6-21      9%          5
 Animate Armour           Summ/Erth      38%        N/A       16%         4
 Alistair's Intoxication  Tmut/Pois      21%        N/A       16%         5
 Iron Shot                Conj/Erth      26%        9d6       21%         6
 Metabolic Englaciation   Hex/Ice        14%        N/A       22%         5
 Eringya's Noxious Bog    Tmut/Pois      16%        N/A       65%         6
 Statue Form              Tmut/Erth      21%        N/A       65%         6
 Dragon Form              Tmut           22%        N/A       87%         7
 Enfeeble                 Hex            18%        N/A       97%         7
 Dragon's Call            Summ           9%         N/A       100%        9


Dungeon Overview and Level Annotations

Branches:
Dungeon (15/15)            Temple (1/1) D:5            Lair (5/5) D:8
  Swamp (3/4) Lair:2        Snake (0/4) Lair:2        Slime (0/5) Lair:5
    Orc (2/2) D:11            Elf (0/3) Orc:2        Vaults (0/5) D:13
 Depths (0/4) D:15        Ossuary (visited)

Altars:
Ashenzari
Cheibriados
Dithmenos
Elyvilon
Fedhas
Gozag
Hepliaklqana
Kikubaaqudgha
Makhleb
Nemelex Xobeh
Okawaru
Qazlal
Ru
Sif Muna
Trog
Uskayaw
Vehumet
Wu Jian
Xom
Yredelemnul
Zin
The Shining One
Jiyva
Lugonu

Shops:
D:4 !   D:11 =   Orc:2 [=?[

Portals:
Trove: D:14 (give +2 storm dragon scales)

Annotations:
D:8 1 runed translucent door
D:13 3 runed translucent doors, PanSaczeczos's ghost, journeyman SpHs
Swamp:3 Ykec Esm's ghost, journeyman DrWn


Message History

Ykec Esm's ghost mumbles some strange words.
Ykec Esm's ghost blinks!
A wave of flame ripples out!
The flame wave engulfs the +2 demon trident of chaos.
The +2 demon trident of chaos completely resists.
You feel sick.
The +2 demon trident of chaos hits you from afar.
You feel your power leaking away.
The +2 demon trident of chaos completely misses you.
A wave of flame ripples out!
The flame wave engulfs the +2 demon trident of chaos.
The +2 demon trident of chaos resists.
The +2 demon trident of chaos is lightly damaged.
You finish channelling waves of flame.
You feel sick.
You block the +2 demon trident of chaos's attack.
The +2 demon trident of chaos hits you but does no damage.
There are monsters nearby!
There are monsters nearby!
Casting: Flame Wave (safe; 1% risk of failure)
Confirm with . or Enter, or press ? or * to list all spells.
Casting: Flame Wave (safe; 1% risk of failure)
Press: ? - help, Dir - look around, f - activate A wave of flame ripples out! (Press . to intensify the flame waves.)
You feel sick.
The +2 demon trident of chaos closely misses you.
A wave of flame ripples out!
The flame wave engulfs Ykec Esm's ghost!!
Ykec Esm's ghost is moderately damaged.
The flame wave engulfs the +2 demon trident of chaos.
The +2 demon trident of chaos resists.
The +2 demon trident of chaos is lightly damaged.
You feel sick.
The +2 demon trident of chaos hits you from afar!
* * * LOW HITPOINT WARNING * * *
The +2 demon trident of chaos hits you from afar.
* * * LOW HITPOINT WARNING * * *
You are electrocuted!!
You die...
Your body crumbles into a pile of gold.

~~~.~~~...~~~.~~~~~~~~~~.....~~♣.
....♣♣♣!~~~~.~~~♣...~♣♣~♣..~..§♣
~~♣.♣ ♣.~.~~§.....♣♣.>♣~~..~~~♣
♣§~.♣ ♣§~~.~~.~♣♣♣♣ ♣.~~§.
~~~~♣♣♣~~~.~§..~♣♣
~§~~.♣♣...~~~§§§§§
♣~~~~~♣.~~~~.☼§§§###
[~.~~♣.~~§~~=§.§.#[##
♣..~.....~..♣§.W@'(.#
~~~.♣~.~§♣~.♣~...#:##
≈~~....~.~~~~§...###
≈≈≈≈§.♣..~.~.~.○§§
≈≈≈≈~.♣♣~~~~~§~♣♣♣
.~≈≈≈.♣♣~~~.~~~♣ <.≈≈~~♣♣~~~~~~~♣
~~≈≈~.♣♣~~~~~.~♣ ≈≈≈≈~~♣♣~~~~.~~♣


You could see a +2 demon trident of chaos and Ykec Esm's ghost.

Vanquished Creatures
  Mlioglotl (Swamp:2)
  2 orc warlords
  An ironbound preserver (D:13)
  3 eleionomae
  2 bunyips (Lair:2)
  A dire elephant (D:15)
  An entropy weaver (shapeshifter) (D:13)
  11 hydras
  2 catoblepae
  5 centaur warriors
  3 death knights
  2 ogre magi
  3 ghost crabs
  4 boulder beetles
  Erica (Orc:1)
  9 two-headed ogres
  An alligator (Swamp:3)
  3 tengu warriors
  Nergalle (Orc:2)
  2 skysharks
  Sonja (D:11)
  Amaemon (Lair:2)
  2 skeletal warriors
  3 swamp dragons
  3 wizards
  3 bog bodies
  A spriggan simulacrum (Swamp:3)
  3 goliath frogs (Swamp:1)
  A lindwurm (Lair:3)
  21 ugly things
  10 orc sorcerers (Orc:2)
  3 wolf spiders
  4 deep elf pyromancers
  2 will-o-the-wisps (Swamp:1)
  2 guardian serpents
  4 manticores
  3 cyclopes
  13 black mambas
  19 elephants
  Maggie (Lair:2)
  2 unseen horrors (D:13)
  An orange demon (Lair:2)
  10 cane toads
  2 rime drakes
  Psyche (D:11)
  8 komodo dragons
  A kobold demonologist (D:9)
  An anaconda simulacrum (Swamp:3)
  2 tengu conjurers
  3 freezing wraiths
  7 hornets
  3 polar bears
  2 bloated husks (Swamp:1)
  15 trolls
  8 tyrant leeches
  20 blink frogs
  5 slime creatures
  7 spriggans
  A shadow (D:11)
  A vampire (D:12)
  6 wraiths
  60 yaks
  15 wyverns
  A steam dragon (D:8)
  10 basilisks
  A human (D:11)
  A redback (Lair:5)
  A harpy simulacrum (Swamp:3)
  2 minotaur simulacra (Swamp:3)
  9 vampire mosquitoes
  2 nagas (Lair:2)
  2 acid dragons (D:10)
  3 wargs (Orc:2)
  8 swamp worms
  16 water moccasins
  3 swamp drakes (Swamp:2)
  3 ice beasts
  9 black bears
  22 orc warriors
  An alligator simulacrum (Swamp:3)
  14 ogres
  9 wolves
  A phantom (D:7)
  2 centaurs
  5 kobold brigands
  8 bullfrogs
  2 gnoll sergeants
  2 scorpions
  A deep troll simulacrum (Swamp:3)
  10 wights (D:8)
  A lindwurm simulacrum (Swamp:3)
  3 howler monkeys
  4 centaur zombies (Ossuary)
  7 jellies
  6 hounds
  4 gnoll boudas
  11 orc priests
  3 iguanas
  36 orc wizards
  Ijyb (D:3)
  2 centaur simulacra
  An ogre zombie (Ossuary)
  A boggart simulacrum (D:15)
  7 mummies (Ossuary)
  6 adders
  29 gnolls
  2 white imps
  7 adder zombies
  2 worms
  5 dart slugs
  86 orcs
  5 ball pythons
  6 bats
  4 endoplasms
  4 giant cockroaches
  13 goblins
  8 hobgoblins
  6 jackals (D:2)
  2 quokkas (D:3)
  2 frilled lizards
  2 gnoll zombies (Ossuary)
  5 goblin zombies (Ossuary)
  6 hobgoblin zombies (Ossuary)
  30 kobolds
  A kobold zombie (Ossuary)
  4 quokka zombies (Ossuary)
  8 rats
  2 rat zombies (Ossuary)
819 creatures vanquished.

Vanquished Creatures (collateral kills)
  An orc warrior (D:11)
  10 foxfires
11 creatures vanquished.

Vanquished Creatures (others)
  Jorgrun (Swamp:2)
  A fenstrider witch (Swamp:2)
  A spriggan druid (Swamp:1)
  2 bloated husks (Swamp:1)
  4 dancing weapons
  A swamp drake (Swamp:3)
  2 bushes
  13 demonic plants (D:2)
  1576 foxfires
  71 fungi
  99 plants
  4 withered plants (D:2)
1775 creatures vanquished.

Grand Total: 2605 creatures vanquished

Notes
Turn   | Place    | Note
-------+----------+-------------------------------------------
     0 | D:1      | raph the Deep Elf Fire Elementalist began the quest for the
                  | Orb.
     0 | D:1      | Reached XP level 1. HP: 10/10 MP: 6/6
   250 | D:1      | Reached XP level 2. HP: 15/15 MP: 2/8
   345 | D:1      | Learned a level 2 spell: Scorch
   447 | D:1      | Reached skill level 4 in Fire Magic
  1287 | D:2      | Reached XP level 3. HP: 19/19 MP: 7/9
  1317 | D:2      | Learned a level 3 spell: Inner Flame
  1362 | D:2      | Identified a scroll of acquirement
  1362 | D:2      | Acquired the staff of fire "Woise" {rF+ rC+ Dex+4 SInv}
  2153 | D:2      | Reached XP level 4. HP: 24/24 MP: 7/10
  2470 | D:2      | Acquired a ring of wizardry
  2796 | D:2      | Found a faded altar of an unknown god.
  3020 | D:3      | Reached skill level 5 in Fire Magic
  3336 | D:3      | Found a broken altar of Ashenzari.
  3358 | D:3      | Found a shimmering altar of Xom.
  3359 | D:3      | Found a shimmering altar of Xom.
  3359 | D:3      | Found a shimmering altar of Xom.
  3359 | D:3      | Found a shimmering altar of Xom.
  3362 | D:3      | Found a shimmering altar of Xom.
  3404 | D:3      | Learned a level 3 spell: Volatile Blastmotes
  3511 | D:3      | Found a shimmering altar of Xom.
  3877 | D:3      | Noticed Ijyb
  3886 | D:3      | Killed Ijyb
  3887 | D:3      | Reached XP level 5. HP: 28/28 MP: 3/12
  4138 | D:3      | Found an ornate altar of the Wu Jian Council.
  4835 | D:4      | Found a glowing silver altar of Zin.
  5505 | D:4      | Found Lolunt's Distillery.
  5552 | D:4      | Bought 2 potions of heal wounds for 140 gold pieces
  5552 | D:4      | Bought a potion of curing for 42 gold pieces
  5745 | D:4      | Found a sacrificial altar of Ru.
  5773 | D:4      | Reached skill level 6 in Fire Magic
  5773 | D:4      | Reached XP level 6. HP: 32/32 MP: 7/14
  6168 | D:5      | Entered Level 5 of the Dungeon
  6525 | D:4      | Learned a level 4 spell: Flame Wave
  6541 | D:5      | Reached skill level 5 in Spellcasting
  6542 | D:5      | Reached XP level 7. HP: 31/36 MP: 5/16
  6591 | D:5      | Reached skill level 7 in Fire Magic
  6592 | D:5      | Found a staircase to the Ecumenical Temple.
  6669 | Temple   | Entered the Ecumenical Temple
  6969 | D:5      | Found Ojetaytu's Lightly-Used Armoury.
  7018 | D:5      | Found a basalt altar of Yredelemnul.
  7315 | D:6      | Reached skill level 5 in Conjurations
  7315 | D:6      | Reached skill level 8 in Fire Magic
  7527 | D:6      | Learned a level 3 spell: Mephitic Cloud
  7530 | D:6      | Reached XP level 8. HP: 41/41 MP: 12/19
  8442 | D:7      | Reached skill level 9 in Fire Magic
  8452 | D:7      | Found a hide-covered altar of Uskayaw.
  8556 | Temple   | Became a worshipper of Gozag Ym Sagoz the Greedy
  8694 | D:7      | Found a sand-covered staircase.
  8701 | Ossuary  | Entered an ossuary
  8772 | Ossuary  | Learned a level 3 spell: Ignite Poison
  9033 | Ossuary  | Reached XP level 9. HP: 45/45 MP: 13/22
  9144 | Ossuary  | Reached skill level 10 in Fire Magic
 10146 | D:7      | Found a blossoming altar of Fedhas.
 10517 | D:7      | Found a shimmering blue altar of Sif Muna.
 10520 | D:7      | Found a sparkling altar of Nemelex Xobeh.
 10668 | D:8      | Found a runed translucent door.
 10668 | D:8      | Noticed a sixfirhy
 10726 | D:8      | Reached skill level 11 in Fire Magic
 10920 | D:8      | Reached XP level 10. HP: 39/50 MP: 0/25
 11136 | D:8      | Found a staircase to the Lair.
 11163 | D:8      | Found a white marble altar of Elyvilon.
 11983 | D:9      | Noticed a skeletal warrior
 11988 | D:9      | Noticed a centaur warrior
 11990 | D:9      | Noticed a centaur warrior
 11992 | D:9      | Noticed a boulder beetle
 11994 | D:9      | Killed a skeletal warrior
 11995 | D:9      | Reached skill level 1 in Staves
 11995 | D:9      | Reached skill level 12 in Fire Magic
 11995 | D:9      | Reached skill level 1 in Evocations
 11995 | D:9      | Noticed a wizard
 11996 | D:9      | Killed a centaur warrior
 11997 | D:9      | Reached skill level 1 in Fighting
 11997 | D:9      | Killed a centaur warrior
 11997 | D:9      | Noticed a deep elf pyromancer
 11998 | D:9      | Reached skill level 10 in Spellcasting
 11998 | D:9      | Noticed a deep elf pyromancer
 12254 | D:9      | Noticed a two-headed ogre
 12262 | D:9      | Killed a two-headed ogre
 12263 | D:9      | Reached skill level 5 in Dodging
 12552 | D:9      | Killed a deep elf pyromancer
 12604 | D:9      | Reached XP level 11. HP: 57/57 MP: 16/27
 13102 | D:9      | Found a bloodstained altar of Trog.
 13358 | D:9      | Killed a wizard
 13389 | D:9      | Killed a boulder beetle
 13390 | D:9      | Reached skill level 5 in Stealth
 13401 | D:9      | Killed a deep elf pyromancer
 13404 | D:9      | Noticed a brown ugly thing
 13879 | D:9      | Killed a brown ugly thing
 14025 | D:9      | Reached skill level 13 in Fire Magic
 14071 | D:9      | Found a radiant altar of Vehumet.
 14259 | Lair:1   | Entered Level 1 of the Lair of Beasts
 14325 | Lair:1   | Learned a level 5 spell: Irradiate
 14964 | Lair:1   | Reached skill level 1 in Transmutations
 15451 | Lair:2   | Noticed Amaemon
 15460 | Lair:2   | Killed Amaemon
 15466 | Lair:2   | Reached XP level 12. HP: 41/64 MP: 8/29
 16060 | Lair:2   | Identified the ring "Ciomitur" {rN++ Str+6 Int-2 SInv}
 16132 | Lair:2   | Noticed Maggie
 16141 | Lair:2   | Killed Maggie
 16346 | Lair:2   | Found a staircase to the Snake Pit.
 16614 | Lair:2   | Found a staircase to the Swamp.
 17391 | Lair:2   | Learned a level 8 spell: Ignition
 17392 | Lair:3   | Noticed a six-headed hydra
 17400 | Lair:3   | Reached skill level 14 in Fire Magic
 17402 | Lair:3   | Killed a six-headed hydra
 17762 | Lair:3   | Noticed a six-headed hydra
 17770 | Lair:3   | Killed a six-headed hydra
 17771 | Lair:3   | Reached skill level 15 in Fire Magic
 18000 | Lair:3   | Reached XP level 13. HP: 51/70 MP: 1/30
 18634 | Lair:4   | Reached skill level 16 in Fire Magic
 19539 | Lair:4   | Reached skill level 17 in Fire Magic
 19944 | Lair:5   | Entered Level 5 of the Lair of Beasts
 20121 | Lair:5   | Found a viscous altar of Jiyva.
 20648 | Lair:5   | Reached skill level 18 in Fire Magic
 21058 | Lair:5   | Reached skill level 1 in Hexes
 21550 | Lair:5   | Reached skill level 5 in Evocations
 21551 | Lair:5   | Reached XP level 14. HP: 76/76 MP: 12/31
 21755 | Lair:5   | Reached skill level 10 in Conjurations
 21930 | Lair:5   | Found a staircase to the Slime Pits.
 23597 | D:10     | Entered Level 10 of the Dungeon
 24176 | D:10     | Learned a level 3 spell: Tukima's Dance
 24317 | D:10     | Found a burning altar of Makhleb.
 24317 | D:10     | Noticed a cacodemon
 24432 | D:10     | Reached skill level 5 in Staves
 24909 | D:10     | Found a snail-covered altar of Cheibriados.
 24917 | D:10     | Reached skill level 1 in Shields
 25190 | D:10     | Learned a level 2 spell: Sublimation of Blood
 25860 | D:11     | Noticed Sonja
 25864 | D:11     | Killed Sonja
 26085 | D:11     | Reached skill level 1 in Necromancy
 26847 | D:11     | Found Xingylu's Jewellery Shoppe.
 26855 | D:11     | Bought the ring "Miweos" {Wiz rF+ Stlth+} for 514 gold
                  | pieces
 27013 | D:11     | Noticed Psyche
 27021 | D:11     | Killed Psyche
 27118 | D:11     | Found a staircase to the Orcish Mines.
 27473 | Orc:1    | Entered Level 1 of the Orcish Mines
 27473 | Orc:1    | Noticed Erica
 27477 | Orc:1    | Killed Erica
 28432 | Orc:2    | Entered Level 2 of the Orcish Mines
 28730 | Orc:2    | Noticed an orc warlord
 28756 | Orc:2    | Killed an orc warlord
 29370 | Orc:2    | Found a staircase to the Elven Halls.
 29398 | Orc:2    | Noticed an orc warlord
 29906 | Orc:1    | Killed an orc warlord
 30628 | Orc:2    | Found a radiant altar of Vehumet.
 30635 | Orc:2    | Paralysed by an orc sorcerer for 4 turns
 30640 | Orc:2    | Reached skill level 10 in Dodging
 30706 | Orc:2    | Found Yryvva's Antique Armour Shoppe.
 30718 | Orc:2    | Noticed Nergalle
 30723 | Orc:2    | Killed Nergalle
 30875 | Orc:2    | Found Anit's Jewellery Shoppe.
 31002 | Orc:2    | Reached skill level 5 in Fighting
 31035 | Orc:2    | Bought a brightly glowing robe for 148 gold pieces
 31035 | Orc:2    | Identified the +1 robe "Teost" {Int+5} (You bought it in a
                  | shop on level 2 of the Orcish Mines)
 31035 | Orc:2    | Bought a pair of embroidered gloves for 195 gold pieces
 31059 | Orc:2    | Found an ancient bone altar of Kikubaaqudgha.
 31128 | Orc:2    | Found Tosturgho's Magic Scroll Emporium.
 31162 | Orc:2    | Found Qaocejac's Antique Armour Emporium.
 31365 | Orc:2    | Bought a scroll of teleportation for 42 gold pieces
 31365 | Orc:2    | Bought a scroll of teleportation for 42 gold pieces
 31365 | Orc:2    | Bought a scroll of fear for 56 gold pieces
 31962 | D:12     | Reached XP level 15. HP: 78/82 MP: 5/33
 33865 | D:13     | Found a gate to the Vaults.
 34855 | D:13     | Found a runed translucent gate.
 34855 | D:13     | Found a runed translucent gate.
 34855 | D:13     | Found a runed translucent gate.
 34858 | D:13     | Noticed PanSaczeczos's ghost (journeyman SpHs)
 34863 | D:13     | Identified the +0 chain mail of the Farrier {rF+ rN+ Will+
                  | Str+3}
 35365 | D:14     | Reached skill level 19 in Fire Magic
 35719 | D:14     | Learned a level 5 spell: Borgnjor's Vile Clutch
 36018 | D:14     | Found a portal to a secret trove of treasure.
 36140 | D:14     | Acquired the amulet "Ciereaviri" {RegenMP rPois}
 36229 | D:15     | Entered Level 15 of the Dungeon
 36653 | D:15     | Reached skill level 5 in Shields
 37030 | D:15     | Reached skill level 5 in Necromancy
 37329 | D:15     | Found a staircase to the Depths.
 37781 | Swamp:1  | Entered Level 1 of the Swamp
 38257 | Lair:2   | Reached XP level 16. HP: 45/88 MP: 25/35
 39627 | Swamp:2  | Noticed Jorgrun
 39635 | Swamp:2  | Killed Jorgrun
 39793 | Swamp:2  | Noticed Mlioglotl
 39800 | Swamp:2  | Killed Mlioglotl
 39962 | Swamp:2  | Reached skill level 10 in Stealth
 41303 | Swamp:3  | HP: 3/82 [spectral seven-headed hydra[a ghost crab] (5)]
 41534 | Swamp:3  | Found a frozen archway.
 41911 | Swamp:3  | Identified the +3 ring mail of the Abyss {Harm *Slow rPois
                  | Will+ Slay+3}
 41995 | Swamp:3  | Noticed Ykec Esm's ghost (journeyman DrWn)
 41995 | Swamp:3  | Found a runed translucent door.
 41995 | Swamp:3  | Found a shimmering altar of Xom.
 42023 | Swamp:3  | Mangled by a +2 demon trident of chaos

Illustrated notes

Levels and vault maps discovered:
D:1:      amcnicky_arrival_feature_with_door, layout_basic
D:2:      layout_basic, shapermc_ecumenical_altar_gd, kennysheep_generic_room_15
D:3:      layout_loops_cross, xom_redecorated, mainiacjoe_overflow_brackets,
          nicolae_ashenzari_panopticon, hangedman_decor_clover_reticule,
          uniq_ijyb
D:4:      layout_loops_ring, zin_academy, nicolae_ru_path_of_blood,
          serial_shops, shop
D:5:      layout_basic, lemuel_zombie_altar_yredelemnul,
          minmay_temple_entry_tees, minmay_shop_damaged
D:6:      layout_layer_cave
D:7:      layout_rooms, nicolae_uskayaw_dance_studio, fedhas_altar_1,
          jmf_multi_god_temple, chequers_ossuary_entry_cave,
          minmay_misc_feat_iff, minmay_misc_feat_rugged
D:8:      cheibrodos_shockbox, layout_loops_cross, elyvilon_altar_5,
          david_lair_generic
D:9:      layout_basic, marbit_many_paths, trog_hazing_becter, minivault_28
D:10:     kennysheep_seaside_town, layout_loops_ring, makhleb_altar_promises_db,
          mainiacjoe_overflow_paths
D:11:     layout_long_grid, erik_orc_4, serial_shops, shop, uniq_psyche,
          uniq_sonja
D:12:     layout_small_grid
D:13:     layout_loops_corners, skrybe_vaults_entry_preservation,
          biasface_ghost_orc_armoury
D:14:     layout_rooms, serial_glass, glass_columns_b, glass_columns_b,
          hellmonk_bongcloud_opening, trove_entry_hex_spiral
D:15:     hangedman_depths_entry_try_elsewhere_first, layout_irregular_city,
          hangedman_decor_points, nrook_guardian_serpent_ordinary
Temple:   corrupted_temple
Lair:1:   layout_loops_ring
Lair:2:   layout_regular_city, minmay_swamp_entry_worms,
          guppyfry_snake_entry_island, beast_lair_carwin_10, uniq_maggie,
          uniq_amaemon
Lair:3:   layout_small_grid, chequers_serial_rivers_small_3,
          columned_hall_lemuel
Lair:4:   layout_regular_city
Lair:5:   hangedman_lair_tendril_chambers, layout_long_grid,
          nicolae_slime_entry_field_trip
Swamp:1:  nicolae_swamp_tree_isthmus, layout_basic_swamp,
          evilmike_swamp_ruin_rubble_1, swamp_pool1
Swamp:2:  nicolae_swamp_long_stream, layout_basic_swamp, nicolae_swamp_oxbows,
          swamp_pool5, infiniplex_staircase_pool, uniq_mlioglotl, uniq_jorgrun
Swamp:3:  layout_falls_marsh, portal_ice_cave_entry_ice_simulacra,
          ebering_ghost_xom, evilmike_swamp_ruin_house_5,
          infiniplex_staircase_pool_2
Orc:1:    layout_diamond_mine, uniq_erica
Orc:2:    kennysheep_orc_mage_school, layout_diamond_mine, basic_altar

Skill      XL: |  1  2  3  4  5  6  7  8  9 10 11 12 13 14 15 16 |
---------------+-------------------------------------------------+-----
Fire Magic     | 4 5 6 8 9 11 12 13 15 18 19 | 19.2
Conjurations   | 2 3 4 5 6 8 9 10 11 | 11.5
Spellcasting   | 4 5 6 7 9 10 11 12 13 | 13.7
Staves         | 2 4 5 6 7 |  7.3
Dodging        | 5 7 8 9 10 11 | 11.3
Stealth        | 4 6 7 8 9 10 | 10.2
Evocations     | 2 4 5 6 7 8 |  8.0
Fighting       | 2 3 4 5 6 |  6.2
Transmutations | 1 3 4 |  4.4
Hexes          | 1 3 |  3.0
Shields        | 3 5 6 |  6.1
Necromancy     | 3 5 |  5.9

Action                     |  1- 3 |  4- 6 |  7- 9 | 10-12 | 13-15 | 16-18 || total
---------------------------+-------+-------+-------+-------+-------+-------++-------
  Melee: Staff             |     1 |     3 |     4 |     5 |    73 |       ||    86
         Punch             |       |       |       |       |     1 |       ||     1
  Throw: Dart              |       |       |       |     3 |     7 |       ||    10
   Cast: Foxfire           |    54 |   105 |   124 |   176 |   407 |    38 ||   904
         Scorch            |    19 |    24 |    31 |    30 |   137 |     6 ||   247
         Volatile Blastmot |       |     6 |       |     4 |     2 |       ||    12
         Inner Flame       |       |     2 |     4 |     4 |    18 |       ||    28
         Flame Wave        |       |     2 |    25 |    56 |   153 |    43 ||   279
         Mephitic Cloud    |       |       |     4 |    17 |    17 |       ||    38
         Ignite Poison     |       |       |     4 |    10 |     6 |       ||    20
         Irradiate         |       |       |       |     2 |     3 |       ||     5
         Ignition          |       |       |       |       |    42 |     8 ||    50
         Tukima's Dance    |       |       |       |       |    10 |       ||    10
         Borgnjor's Vile C |       |       |       |       |    11 |     2 ||    13
         Sublimation of Bl |       |       |       |       |     1 |       ||     1
 Invoke: Potion Petition   |       |       |       |     1 |     2 |     1 ||     4
  Evoke: Wand              |       |       |       |     3 |     5 |       ||     8
         Phial of floods   |       |       |       |       |     1 |       ||     1
    Use: Scroll            |     9 |     6 |    13 |     6 |     7 |       ||    41
         Potion            |     4 |       |     1 |       |       |     2 ||     7
   Stab: Distracted        |       |       |       |     1 |     1 |       ||     2
         Sleeping          |       |       |       |       |     2 |       ||     2
 Armour: Robe              |     9 |    11 |    33 |    25 |       |       ||    78
         Steam dragon scal |       |       |       |    39 |   199 |    63 ||   301
  Dodge: Dodged            |    25 |    30 |    47 |   116 |   425 |   101 ||   744
  Block: Buckler           |       |       |       |       |    68 |    35 ||   103
